AoeStats
← Failed Math Test

Four Lakes

509979108Analyzed
1v1 RM · 2d ago on Sep 28, 2026· 48m 48s· 2 players
Game mode
Random Map
Map size
Tiny (2 player)
Population
200
Speed
Normal
Resources
Standard
Victory
Conquest
Starting age
Dark Age
Ending age
Imperial Age
RankedLock teamsTeams togetherTeam positionsShared explorationLock speedFull tech treeHidden civsTurbo modeCheats
Victory
Defeat
🇨🇦 Spanish · Canada
1110
+16
🇦🇷 Lithuanians · Argentina
1105
-16
Legasov19867338
6:53 Loom
10:25 Feudal Age
14:27 Castle Age
12:54 Double-Bit Axe
14:33 Forging
14:20 Fletching
15:16 Padded Archer Armor
16:23 Town Watch
20:15 Horse Collar
23:39 Elite Skirmisher
25:25 Wheelbarrow
25:54 Crossbowman
27:32 Bodkin Arrow
29:41 Thumb Ring
30:05 Ballistics
34:09 Imperial Age
34:00 Leather Archer Armor
33:59 Masonry
34:45 Hand Cart
37:09 Bracer
38:45 Bracer
39:46 Chemistry
40:58 Ring Archer Armor
40:36 Hill Forts
42:08 Cavalier
42:51 Husbandry
47:56 Light Cavalry
Failed Math Test
11:57 Feudal Age
12:23 Double-Bit Axe
15:54 Forging
17:19 Horse Collar
21:23 Castle Age
21:20 Bloodlines
21:18 Scale Barding Armor
22:19 Pikeman
29:11 Loom
31:30 Squires
33:17 Light Cavalry
35:05 Iron Casting
37:06 Inquisition
39:56 Imperial Age
37:34 Husbandry
39:16 Wheelbarrow
39:59 Fletching
40:30 Chain Barding Armor
40:11 Onager
42:09 Elite Skirmisher
42:18 Hussar
44:03 Theocracy
45:45 Halberdier
47:18 Conscription
47:00 Bodkin Arrow
47:05 Padded Archer Armor
48:05 Blast Furnace
47:06 Scale Mail Armor
47:41 Plate Barding Armor
49:32 Chemistry
Connection lost

Rejoining the realm…

Still unreachable

The connection could not be restored.

Session expired

The server has moved on; the page needs a fresh start.